 Dungeon Crawl Stone Soup version 0.20.0-10-g0535bb4 (webtiles) character file.

154 CosmicAfro the Firebug (level 5, -7/28 HPs)
             Began as a Deep Elf Fire Elementalist on June 6, 2017.
             Mangled by a worm (11 damage)
             ... on level 4 of the Dungeon.
             The game lasted 00:04:31 (2071 turns).

CosmicAfro the Firebug (Deep Elf Fire Elementalist) Turns: 2071, Time: 00:04:32

Health: -7/28      AC:  2    Str:  5    XL:     5   Next: 13%
Magic:  4/11       EV: 13    Int: 21    God:
Gold:   144        SH:  0    Dex: 15    Spells: 9/10 levels left

rFire    . . .     SeeInvis .   e - +0 short sword
rCold    . . .     Gourm    .   (no shield)
rNeg     + . .     Faith    .   a - +0 robe
rPois    .         Spirit   .   (no helmet)
rElec    .         Reflect  .   (no cloak)
rCorr    .         Harm     .   (no gloves)
MR       .....                  (no boots)
Stlth    +++.......             (no amulet)
Regen    0.1/turn               j - ring of stealth
MPRegen  0.2/turn               k - ring of positive energy

@: no status effects
A: no striking features
a: no special abilities


You were on level 4 of the Dungeon.
You were not hungry.

You visited 1 branch of the dungeon, and saw 4 of its levels.

You collected 144 gold pieces.

Inventory:

Hand Weapons
 e - a +0 short sword (weapon)
Armour
 a - a +0 robe (worn)
Jewellery
 j - a ring of stealth (left hand)
 k - a ring of positive energy (right hand)
Wands
 t - a wand of polymorph (7/24)
Scrolls
 d - a scroll of amnesia {unknown}
 f - 3 scrolls of identify {unknown}
 g - a scroll of recharging {unknown}
 m - 2 scrolls of teleportation {unknown}
 n - 3 scrolls of remove curse {unknown}
 o - a scroll of magic mapping {unknown}
 s - a scroll of enchant weapon {unknown}
Potions
 h - a potion of agility {unknown}
 l - a potion of brilliance {unknown}
 q - a potion of magic {unknown}
 r - 2 potions of heal wounds {unknown}
Books
 b - a book of Flames

   Spells                             Type                      Level
   a - Flame Tongue                   Conjuration/Fire             1
   b - Throw Flame                    Conjuration/Fire             2
   c - Conjure Flame                  Conjuration/Fire             3
   d - Inner Flame                    Hexes/Fire                   3
   e - Sticky Flame                   Conjuration/Fire             4
   f - Fireball                       Conjuration/Fire             5
Comestibles
 c - 4 bread rations
 i - 2 royal jellies
 p - a meat ration


   Skills:
 - Level 2.4 Dodging
 - Level 2.4 Stealth
 - Level 3.0 Spellcasting
 + Level 4.0 Conjurations
 + Level 5.0 Fire Magic


You had 9 spell levels left.
You knew the following spells:

 Your Spells              Type           Power        Failure   Level  Hunger
a - Flame Tongue          Conj/Fire      ###..        1%          1    None


Dungeon Overview and Level Annotations

Branches:
Dungeon (4/15)
 Temple: D:4-7

Altars:


Message History

Aiming: Flame Tongue
Press: ? - help, Shift-Dir - straight line, f - worm
Aim: a worm The flame tongue hits the worm.
The worm appears unharmed.
The worm closely misses you.
Casting: Flame Tongue
Confirm with . or Enter, or press ? or * to list all spells.
Aiming: Flame Tongue
Press: ? - help, Shift-Dir - straight line, f/p - worm
Aim: a worm The flame tongue misses the worm.
Casting: Flame Tongue
Confirm with . or Enter, or press ? or * to list all spells.
Aiming: Flame Tongue
Press: ? - help, Shift-Dir - straight line, f/p - worm
Aim: a worm The flame tongue hits the worm.
The worm is severely wounded.
The worm bites you!
You die...

#
#####...#
#@w.....#
###....##
##.#


You could see a worm.

Vanquished Creatures
  Natasha (thrice) (D:3)
  3 adders (D:2)
  A worm (D:2)
  A dart slug (D:2)
  A leopard gecko (D:2)
  7 goblins
  7 hobgoblins
  2 jackals (D:1)
  A quokka (D:2)
  6 bats
  7 frilled lizards
  4 kobolds
  5 rats
48 creatures vanquished.

Notes
Turn   | Place    | Note
-------+----------+-------------------------------------------
     0 | D:1      | CosmicAfro the Deep Elf Fire Elementalist began the quest for the Orb.
     0 | D:1      | Reached XP level 1. HP: 10/10 MP: 6/6
   283 | D:1      | Reached XP level 2. HP: 15/15 MP: 6/8
   870 | D:2      | Reached skill level 4 in Fire Magic
   870 | D:2      | Reached XP level 3. HP: 19/19 MP: 7/9
  1637 | D:2      | Reached XP level 4. HP: 24/24 MP: 6/10
  1923 | D:3      | Noticed Natasha
  1932 | D:3      | Killed Natasha
  1986 | D:3      | Noticed Natasha
  1991 | D:3      | Killed Natasha
  2054 | D:3      | Noticed Natasha
  2059 | D:3      | Killed Natasha
  2059 | D:3      | Reached skill level 5 in Fire Magic
  2059 | D:3      | Reached XP level 5. HP: 5/28 MP: 5/11
  2071 | D:4      | Mangled by a worm

Skill      XL: |  1  2  3  4 |
---------------+-------------+-----
Conjurations   | 2 3 4 |  4.0
Fire Magic     | 4 5 |  5.0
Dodging        | |  2.4
Stealth        | |  2.4
Spellcasting   | |  3.0

Action                   |  1- 3 |  4- 6 || total
-------------------------+-------+-------++-------
Melee: Short sword       |     7 |       ||     7
 Cast: Flame Tongue      |    67 |    27 ||    94
  Eat: Chunk             |     2 |     1 ||     3
Armor: Robe              |     7 |       ||     7
Dodge: Dodged            |    32 |    10 ||    42
